 Dungeon Crawl Stone Soup version 0.20-a0-809-gaf7f668 (webtiles) character file.

130 Gorglomux the Sneak (level 5, -5/33 HPs)
             Began as an Octopode Transmuter on Mar 4, 2017.
             Was an Initiate of Ashenzari.
             Slain by an orc
             ... wielding a +0 hand axe of electrocution
              (17 damage)
             ... on level 3 of the Dungeon.
             The game lasted 00:04:35 (2244 turns).

Gorglomux the Sneak (Octopode Transmuter)           Turns: 2244, Time: 00:04:38

Health: -5/33      AC:  2    Str: 10    XL:     5   Next: 13%
Magic:  11/17      EV: 19    Int: 16    God:    Ashenzari [......]
Gold:   135        SH:  0    Dex: 17    Spells: 2/8 levels left

rFire    . . .     SeeInvis +     - Unarmed
rCold    . . .     Gourm    .   (shield currently unavailable)
rNeg     . . .     Faith    .   (helmet currently unavailable)
rPois    x         Spirit   .   (no amulet)
rElec    .         Reflect  .   s - ring of see invisible (curse)
rCorr    .         Harm     .   t - ring of magical power
MR       .....                  (no ring)
Stlth    +++.......             (no ring)
Regen    0.2/turn               (no ring)
MPRegen  0.2/turn               (no ring)
                                (no ring)
                                (no ring)

@: spider-form (expiring), very slightly contaminated
A: almost no armour, stealthy swim, (amphibious), 8 rings, (constrict 8),
(camouflage 0), (gelatinous body 0)
a: End Transformation, Curse Item, Renounce Religion


You were on level 3 of the Dungeon.
You worshipped Ashenzari.
Ashenzari was noncommittal.
You were not hungry.
You were a venomous arachnid creature.
You visited 1 branch of the dungeon, and saw 3 of its levels.

You collected 135 gold pieces.

Inventory:

Missiles
 a - 113 arrows
Jewellery
 s - a cursed ring of see invisible (left front leg)
 t - a ring of magical power (right front leg)
Scrolls
 g - 4 scrolls of identify {unknown}
 h - a scroll of enchant weapon {unknown}
 y - a scroll of teleportation {unknown}
 A - a scroll of fog {unknown}
Potions
 u - 2 potions of heal wounds {unknown}
 v - 2 potions of mutation {unknown}
 x - 3 potions of brilliance {unknown}
 C - a potion of haste {unknown}
Books
 b - a book of Changes

   Spells                             Type                      Level
   a - Beastly Appendage              Transmutation                1
   b - Sticks to Snakes               Transmutation                2
   c - Spider Form                    Transmutation/Poison         3
   d - Ice Form                       Ice/Transmutation            4
   e - Blade Hands                    Transmutation                5
Comestibles
 c - a bread ration
 D - 2 chunks of flesh


   Skills:
 - Level 1.0 Fighting
 - Level 2.0 Dodging
 + Level 4.0 Stealth
 + Level 3.9 Unarmed Combat
 - Level 2.0 Spellcasting
 + Level 3.3 Transmutations


You had 2 spell levels left.
You knew the following spells:

 Your Spells              Type           Power        Failure   Level  Hunger
a - Beastly Appendage     Tmut           ##....       21%         1    #......
b - Sticks to Snakes      Tmut           ##......     24%         2    ###....
c - Spider Form           Tmut/Pois      #.........   56%         3    ###....


Dungeon Overview and Level Annotations

Branches:
Dungeon (3/15)

Altars:
Ashenzari
Gozag
Wu Jian


Innate Abilities, Weirdness & Mutations

You cannot wear most types of armour.
You are very stealthy in the water. (Stealth+)
((You are amphibious.))
You can wear up to eight rings at the same time.
((You can use your tentacles to constrict eight enemies at once.))
((Your skin changes colour to match your surroundings (Stealth+).))
((Your rubbery body absorbs attacks. (AC +1, EV +1)))


Message History

* * * LOW HITPOINT WARNING * * *
You are too injured to fight recklessly!
Unknown command.
You are too injured to fight recklessly!
Unknown command.
You release your grip on the orc.
There is an open door here.
Your tentacle spike disappears.
You see here an uncursed ring of see invisible.
You bludgeon the orc!
You kill the orc!
Press: ? - help, v - describe, . - travel The floor.
Casting: Spider Form
Confirm with . or Enter, or press ? or * to list all spells.
You turn into a venomous arachnid creature.
Your transformation is almost over.
The orc hits you but does no damage.
You are electrocuted!
Ouch! That really hurt!
You die...

.##'####
.##.##########
.#...........#
.###########.#
. #.# #.###
#...###
#.....#
#####s# #o#
#.# ### #.# ..
#)# ..# #.#
####..# #.#
#.....## #=#
#...#..# #.#
#.....>#


You could see an orc.

Vanquished Creatures
  4 gnolls (D:3)
  3 adders
  2 oozes
  A worm (D:2)
  A dart slug (D:2)
  A leopard gecko (D:2)
  2 orcs (D:3)
  6 bats
  A giant cockroach (D:2)
  5 goblins (D:1)
  4 hobgoblins
  4 jackals (D:1)
  A ball python (D:3)
  3 frilled lizards (D:1)
  4 kobolds
  4 rats
46 creatures vanquished.

Vanquished Creatures (collateral kills)
  An adder (D:2)
1 creature vanquished.

Grand Total: 47 creatures vanquished

Notes
Turn   | Place    | Note
-------+----------+-------------------------------------------
     0 | D:1      | Gorglomux the Octopode Transmuter began the quest for the Orb.
     0 | D:1      | Reached XP level 1. HP: 13/13 MP: 3/3
   234 | D:1      | Reached skill level 1 in Stealth
   234 | D:1      | Reached XP level 2. HP: 17/18 MP: 5/5
   500 | D:1      | Reached skill level 2 in Stealth
   624 | D:1      | Reached XP level 3. HP: 22/23 MP: 6/6
   628 | D:1      | Learned a level 2 spell: Sticks to Snakes
   632 | D:1      | Learned a level 3 spell: Spider Form
   819 | D:2      | Found an ornate altar of the Wu Jian Council.
   853 | D:2      | Reached skill level 3 in Stealth
  1200 | D:2      | Reached XP level 4. HP: 22/28 MP: 7/7
  1369 | D:2      | Found an opulent altar of Gozag.
  1378 | D:2      | Found a shattered altar of Ashenzari.
  1575 | D:2      | Became a worshipper of Ashenzari the Shackled
  1647 | D:2      | Reached skill level 3 in Transmutations
  2034 | D:3      | Reached XP level 5. HP: 26/33 MP: 8/8
  2225 | D:3      | Reached skill level 4 in Stealth
  2244 | D:3      | Slain by an orc

Vault maps used:
D:1:      minmay_arrival_up_and_down, st_stairs_3
D:2:      old_standard_altar, lemuel_doored_altar, lemuel_crystal_altar

Skill      XL: |  1  2  3  4  5 |
---------------+----------------+-----
Stealth        | 1 2 3 4 |  4.0
Transmutations | 3 |  3.3
Fighting       | |  1.0
Dodging        | |  2.0
Unarmed Combat | |  3.9
Spellcasting   | |  2.0

Action                   |  1- 3 |  4- 6 || total
-------------------------+-------+-------++-------
Melee: Unarmed           |    67 |    51 ||   118
       Kick              |    16 |     8 ||    24
       Constrict         |    16 |     9 ||    25
       Tentacles         |    11 |     8 ||    19
       Punch             |     1 |       ||     1
 Cast: Beastly Appendage |    14 |    12 ||    26
       Sticks to Snakes  |     2 |       ||     2
       Spider Form       |       |     2 ||     2
Invok: Curse Item        |       |     1 ||     1
 Stab: Sleeping          |     5 |     2 ||     7
  Eat: Chunk             |     1 |     4 ||     5
Armor: Skin              |     8 |     2 ||    10
Dodge: Dodged            |    36 |    34 ||    70
